 Dungeon Crawl Stone Soup version 0.28.0-43-g3370ac3207 (webtiles) character file.

Game seed: 2175309066689913184

836 bromine the Cutter (level 7, 0/105 HPs)
             Began as a Troll Berserker on Mar 1, 2022.
             Was a Priest of Trog.
             Slain by an iron imp (4 damage)
             ... summoned by Eustachio
             ... on level 5 of the Dungeon.
             The game lasted 00:14:47 (4015 turns).

bromine the Cutter (Troll Berserker)                Turns: 4015, Time: 00:14:48

Health: 0/105      AC:  4    Str: 28      XL:     7   Next: 66%
Magic:  6/6        EV: 10    Int:  3      God:    Trog [***...]
Gold:   200        SH:  0    Dex:  8 (15) Spells: 6/6 levels left

rFire   . . .      SeeInvis +   y - +0 giant spiked club
rCold   . . .      Faith    .   (shield currently unavailable)
rNeg    . . .      Spirit   .   a - +0 animal skin
rPois   .          Reflect  .   (helmet restricted)
rElec   .          Harm     .   (no cloak)
rCorr   .          Rampage  .   (gloves unavailable)
Will    .....                   (boots unavailable)
Stlth   ..........              (no amulet)
HPRegen 1.07/turn               r - +6 ring of dexterity
MPRegen 0.10/turn               p - ring of see invisible

@: berserking, very quick
A: large, unfitting armour, claws 3, regeneration 1, shaggy fur 1, tough skin 1
a: Renounce Religion, Berserk, Trog's Hand


You were on level 5 of the Dungeon.
You worshipped Trog.
Trog was most pleased with you.
You visited 1 branch of the dungeon, and saw 5 of its levels.

You collected 200 gold pieces.

Inventory:

Hand Weapons
 b - a +0 trident
 j - a +1 rapier
 y - a +0 giant spiked club (weapon)
Armour
 a - a +0 animal skin (worn)
 n - a +2 cloak
 B - a +0 tower shield
Magical Staves
 d - a staff of cold
 o - a staff of fire
Jewellery
 p - a ring of see invisible (right claw)
 r - a +6 ring of dexterity (left claw)
Wands
 u - a wand of paralysis (8)
 A - a wand of polymorph (8)
Scrolls
 c - a scroll of fog {unknown}
 e - a scroll of identify {unknown}
 i - a scroll of holy word {unknown}
 l - a scroll of blinking {unknown}
 s - a scroll of enchant armour {unknown}
 v - a scroll of silence {unknown}
 w - a scroll of amnesia {unknown}
 z - a scroll of noise {unknown}
Potions
 f - a potion of degeneration {unknown}
 g - 3 potions of ambrosia {unknown}
 k - 2 potions of haste {unknown}
 m - a potion of flight {unknown}
 q - a potion of mutation {unknown}
 t - 2 potions of magic {unknown}
 x - a potion of berserk rage {unknown}


   Skills:
 + Level 4.0 Fighting
 + Level 4.3 Short Blades
 + Level 1.0 Maces & Flails
 + Level 4.2 Dodging
 + Level 0.6 Stealth
 + Level 3.9 Unarmed Combat


You had 6 spell levels left.
You didn't know any spells.
Your spell library was empty.

Dungeon Overview and Level Annotations

Branches:
Dungeon (5/15)             Temple (0/1) D:5

Altars:
Uskayaw

Shops:
D:2 :

Annotations:
D:5 Eustachio


Innate Abilities, Weirdness & Mutations

You are too large for most types of armour.
You have claws for hands.
Your natural rate of healing is unusually fast.
You are covered in fur. (AC +1)
You have tough skin. (AC +1)


Message History

The iron imp misses you.
You barely miss Eustachio.
Eustachio is almost dead.
The quasit misses you.
The quasit claws you but does no damage. x2
Eustachio hits you with a +0 rapier!
* * * LOW HITPOINT WARNING * * *
The iron imp barely misses you.
The quasit bites you but does no damage.
The quasit barely misses you.
The quasit claws you but does no damage.
Eustachio hits you with a +0 rapier.
* * * LOW HITPOINT WARNING * * *
Unknown command.
You closely miss Eustachio.
Eustachio is almost dead.
The quasit bites you but does no damage.
The quasit claws you but does no damage.
The quasit barely misses you. The iron imp barely misses you.
Eustachio calls on the powers of shadow!
Eustachio hits you with a +0 rapier.
* * * LOW HITPOINT WARNING * * *
You barely miss the iron imp. The quasit closely misses you.
The quasit claws you but does no damage.
The quasit misses you. Eustachio hits you with a +0 rapier.
* * * LOW HITPOINT WARNING * * *
The quasit bites you.
* * * LOW HITPOINT WARNING * * *
The quasit claws you but does no damage.
The quasit misses you. The iron imp hits you.
* * * LOW HITPOINT WARNING * * *
You miss Eustachio.
Eustachio is almost dead.
The quasit bites you.
* * * LOW HITPOINT WARNING * * *
The quasit closely misses you. The quasit barely misses you.
Eustachio hits you with a +0 rapier.
* * * LOW HITPOINT WARNING * * *
The iron imp hits you.
You die...

...)..###..# ####.##.##.#
...#$$.#.# ##..#$∩.#.#
#..#555#.# #####
#..##5##.# ###...###
#####...###..####.......#
#........55.###...###''###
#........@@5#...###≈≈..≈≈#
#.)....####.......#≈....≈#
#...... #####.....+...⌠..'
#...... #.........+..⌠...'
#...... #.........#≈....≈#
####### #.........#≈≈..≈≈#
#.........###''###
#..............#..
#.............###.


You could see Eustachio, an iron imp (summoned), 5 quasits and an ufetubus
(summoned).

Vanquished Creatures
  Duvessa (D:4)
  A necrophage (D:4)
  2 ogres (D:5)
  A water moccasin zombie (D:5)
  Dowan (D:4)
  A hound (D:5)
  An orc priest (D:4)
  An iguana (D:4)
  Ijyb (D:4)
  An orc wizard (D:4)
  A hound zombie (D:5)
  7 gnolls (D:3)
  7 adders
  An ufetubus (D:5)
  An adder zombie (D:5)
  A worm (D:2)
  3 dart slugs
  4 orcs
  7 ball pythons
  10 endoplasms
  2 giant cockroaches
  6 goblins
  7 hobgoblins
  A quokka (D:2)
  8 bats
  5 frilled lizards
  6 kobolds
  8 rats
96 creatures vanquished.

Notes
Turn   | Place    | Note
-------+----------+-------------------------------------------
     0 | D:1      | bromine the Troll Berserker began the quest for the Orb.
     0 | D:1      | Reached XP level 1. HP: 22/22 MP: 0/0
   216 | D:1      | Reached XP level 2. HP: 24/29 MP: 1/1
   612 | D:1      | Reached ** piety under Trog
   821 | D:1      | Reached XP level 3. HP: 36/36 MP: 2/2
  1350 | D:2      | Found Nol Cask's Book Emporium.
  1446 | D:2      | Reached XP level 4. HP: 20/44 MP: 3/3
  1775 | D:2      | Found a faded altar of an unknown god.
  1913 | D:3      | Reached skill level 1 in Short Blades
  2119 | D:3      | Reached XP level 5. HP: 53/53 MP: 4/4
  2513 | D:3      | You fall into a shaft and drop 1 floor!
  2761 | D:4      | Noticed a necrophage
  2773 | D:4      | Killed a necrophage
  2774 | D:4      | Reached XP level 6. HP: 38/61 MP: 5/5
  2917 | D:4      | Noticed Ijyb
  2918 | D:4      | Paralysed by Ijyb for 6 turns
  2934 | D:4      | Killed Ijyb
  3003 | D:4      | Reached *** piety under Trog
  3072 | D:4      | Noticed Dowan
  3091 | D:4      | Killed Dowan
  3093 | D:4      | Noticed Duvessa
  3104 | D:4      | Killed Duvessa
  3105 | D:4      | Reached XP level 7. HP: 19/67 MP: 6/6
  3442 | D:4      | Found a hide-covered altar of Uskayaw.
  3500 | D:5      | Entered Level 5 of the Dungeon
  3500 | D:5      | Found a staircase to the Ecumenical Temple.
  3693 | D:5      | Reached skill level 1 in Maces & Flails
  3886 | D:5      | Noticed Eustachio
  4015 | D:5      | HP: 4/105 [Eustachio/+0 rapier (4)]
  4015 | D:5      | Slain by an iron imp

Illustrated notes

Levels and vault maps discovered:
D:1:      tarquinn_simple_flora_water_c, layout_basic
D:2:      layout_basic, serial_shops, nicolae_lakefront_shop,
          shapermc_ecumenical_altar_pompeii, minmay_door_square,
          kennysheep_nondescript
D:3:      layout_loops_ring, minmay_misc_feat_doors
D:4:      layout_rooms, eat_drink_and_be_merry_uskayaw, uniq_duvessa, uniq_ijyb
D:5:      cheibrodos_quashed, layout_basic,
          minmay_temple_entry_statues_fountains, kennysheep_generic_room_12,
          uniq_eustachio

Skill      XL: |  1  2  3  4  5  6  7 |
---------------+----------------------+-----
Dodging        | 3 4 |  4.2
Short Blades   | 1 2 3 4 |  4.3
Fighting       | 3 4 |  4.0
Maces & Flails | 1 |  1.0
Stealth        | |  0.6
Unarmed Combat | |  3.9

Action                   |  1- 3 |  4- 6 |  7- 9 || total
-------------------------+-------+-------+-------++-------
Melee: Unarmed           |    55 |       |       ||    55
       Rapier            |    66 |   158 |    12 ||   236
       Punch             |     3 |     4 |       ||     7
       Giant spiked club |       |       |    77 ||    77
Invok: Berserk           |       |     5 |     3 ||     8
  Use: Scroll            |     1 |     2 |     2 ||     5
 Stab: Sleeping          |     1 |     1 |       ||     2
Armor: Animal skin       |    69 |    57 |    98 ||   224
Dodge: Dodged            |    98 |   107 |   142 ||   347
